Map: Frozen Temple

Players

Fropez - Winner!

  • Race: Protoss Protoss
  • League: Silver
  • Spawn Location: 5:00

Amateratsu

  • Race: Zerg Zerg
  • League: Silver
  • Spawn Location: 11:00

VOD

Have the link to the VOD?

Description

Time

  • Played on: April 18, 2016, 7:34 p.m.
  • Length: 19:18
Show
View Real Time Build Order
Export as new Build Order

Fropez Protoss - Winner!

Build Orders:  

Get SALT Encoding   

  12  0:02  Probe (Chrono Boost)  
  13  0:17  Pylon  
  13  0:18  Probe (Chrono Boost)  
  14  0:29  Probe (Chrono Boost)  
  15  0:38  Gateway  
  15  0:41  Probe (Chrono Boost)  
  16  0:50  Pylon  
  16  0:52  Probe (Chrono Boost)  
  17  1:00  Assimilator  
  17  1:02  Probe (Chrono Boost)  
  18  1:21  Gateway  
  18  1:26  Zealot (Chrono Boost)  
  18  1:28  Probe (Chrono Boost)  
  21  1:37  Cybernetics Core  
  21  1:38  Probe (Chrono Boost)  
  22  1:43  Assimilator  
  22  1:48  Probe (Chrono Boost)  
  22  1:53  Zealot (Chrono Boost)  
  26  2:01  Probe  
  26  2:09  Forge  
  26  2:14  Pylon  
  26  2:18  Pylon  
  26  2:21  Mothership Core (Chrono Boost)  
  28  2:35  Stalker  
  30  2:40  Probe (Chrono Boost)  
  32  2:51  Probe (Chrono Boost)  
  32  3:06  Stalker  
  32  3:09  Probe (Chrono Boost)  
  35  3:21  Nexus  
  35  3:24  Pylon  
  37  3:28  Warp Gate (Chrono Boost)  
  37  3:33  Stalker  
  37  3:38  Protoss Ground Weapons Level 1  
  37  3:40  Probe  
  40  3:56  Pylon  
  40  3:58  Zealot  
  40  4:05  Zealot  
  40  4:07  Probe  
  43  4:11  Pylon  
  43  4:19  Probe  
  44  4:31  Probe  
  45  4:32  Probe  
  46  4:41  Photon Cannon  
  46  4:42  Pylon  
  46  4:49  Probe  
  47  4:53  Probe  
  47  4:55  Assimilator  
  47  4:59  Assimilator  
  48  5:03  Twilight Council  
  48  5:08  Robotics Facility  
  48  5:15  Photon Cannon  
  48  5:19  Probe  
  48  5:20  Probe  
  50  5:31  Pylon, Probe  
  51  5:36  Gateway, Protoss Ground Armor Level 1 (Chrono Boost)  
  51  5:40  Sentry x2  
  55  5:49  Probe x2  
  56  5:53  Pylon  
  56  5:56  Immortal  
  57  6:01  Probe  
  62  6:11  Probe  
  62  6:17  Probe  
  64  6:18  Gateway  
  64  6:23  Pylon, Probe  
  65  6:30  Warp Prism  
  65  6:33  Probe  
  68  6:42  Zealot  
  68  6:43  Zealot x2  
  74  6:59  Pylon  
  74  7:13  Photon Cannon  
  74  7:18  Pylon  
  72  7:44  Stalker x3  
  78  8:04  Gateway, Immortal  
  78  8:08  Protoss Shields Level 1 (Chrono Boost)  
  82  8:18  Probe  
  82  8:19  Robotics Bay  
  83  8:22  Gateway  
  83  8:26  Sentry  
  83  8:27  Sentry x3  
  91  8:39  Nexus  
  91  8:50  Probe  
  91  8:52  Zealot x3  
  91  8:55  Probe  
  95  9:27  Zealot  
  95  9:28  Zealot x4  
  92  9:48  Zealot x3  
  92  9:49  Zealot x2  
  102  9:54  Colossus  
  102  9:58  Extended Thermal Lance (Chrono Boost)  
  100  10:22  Probe x2  
  102  10:34  Probe x2  
  102  10:38  Assimilator  
  102  10:41  Assimilator  
  102  10:48  Colossus  
  102  10:49  Pylon  
  108  10:51  Pylon  
  108  10:52  Pylon  
  108  10:58  Pylon  
  108  11:05  Pylon  
  108  11:10  Stalker x5  
  108  11:11  Stalker  
  120  11:23  Twilight Council  
  120  11:25  Pylon  
  120  11:26  Probe  
  120  11:27  Probe x2  
  120  11:29  Pylon  
  123  11:33  Pylon  
  123  11:41  Colossus  
  129  11:47  Probe  
  129  11:50  Pylon  
  129  11:51  Zealot x5  
  140  12:02  Forge  
  140  12:04  Forge  
  140  12:06  Pylon, Photon Cannon  
  140  12:11  Dark Shrine  
  140  12:13  Pylon  
  140  12:15  Gateway  
  139  12:25  Photon Cannon  
  139  12:28  Photon Cannon  
  137  13:03  Observer  
  138  13:24  Observer  
  139  13:27  Dark Templar x2  
  139  13:28  Dark Templar x4  
  151  13:46  Observer  
  106  14:07  Observer  
  101  14:11  Protoss Ground Weapons Level 2  
  101  14:13  Dark Templar x6  
  106  14:28  Colossus  
  110  15:08  Nexus  
  110  15:09  Pylon  
  110  15:13  Pylon  
  110  15:23  Protoss Ground Armor Level 2  
  110  15:30  Protoss Shields Level 2  
  110  15:40  Assimilator  
  110  15:45  Pylon  
  110  15:53  Stalker  
  112  16:02  Blink (Chrono Boost)  
  112  16:12  Zealot x2  
  112  16:13  Pylon  
  112  16:17  Observer  
  113  16:45  Zealot  
  113  16:46  Zealot x5  
  97  17:09  Dark Templar  
  97  17:10  Dark Templar x3  
  95  17:21  Probe  
  95  17:22  Probe x2  
  98  17:32  Probe  
  98  17:34  Probe  
  88  18:11  Dark Templar x5  
  88  18:12  Dark Templar  
  100  18:57  Stalker  
  100  18:58  Stalker x4  
Show
View Real Time Build Order
Export as new Build Order

Amateratsu Zerg 

Build Orders: Pool First 

Get SALT Encoding   

  12  0:01  Drone  
  13  0:10  Drone  
  14  0:17  Overlord  
  14  0:26  Extractor, Drone  
  15  0:37  Drone x2  
  17  0:49  Spawning Pool  
  16  0:52  Drone  
  16  0:57  Extractor  
  16  1:36  Queen, Hatchery  
  17  1:46  Zergling x6  
  20  2:01  Metabolic Boost  
  20  2:06  Extractor  
  20  2:08  Evolution Chamber, Zergling x2  
  19  2:17  Zergling x2  
  19  2:20  Drone  
  21  2:30  Drone  
  21  2:47  Zergling x2  
  21  2:48  Overlord  
  22  2:55  Drone  
  20  3:10  Zergling x2  
  20  3:12  Zerg Missile Weapons Level 1  
  21  3:17  Roach Warren  
  20  3:21  Drone x2  
  22  3:32  Drone  
  22  3:34  Zergling x2  
  24  3:44  Zergling x4  
  26  3:48  Drone  
  27  4:01  Overlord  
  27  4:10  Overlord  
  27  4:20  Queen  
  28  4:39  Roach x3  
  28  4:41  Drone  
  35  4:50  Drone x2  
  37  4:53  Drone  
  38  5:04  Drone x3  
  41  5:14  Lair  
  41  5:22  Roach  
  41  5:26  Overlord  
  43  5:38  Spore Crawler  
  42  5:43  Spore Crawler  
  42  5:45  Drone x4  
  42  5:49  Overlord  
  45  6:01  Extractor  
  44  6:05  Extractor  
  43  6:15  Zergling x2  
  43  6:16  Zergling x2  
  45  6:21  Hatchery  
  44  6:41  Ravager x2  
  44  6:42  Ravager x2  
  44  6:46  Queen  
  50  6:51  Roach x3  
  50  6:52  Roach  
  50  6:53  Hydralisk Den  
  57  6:56  Overlord  
  57  7:02  Overlord  
  57  7:19  Roach x2  
  57  7:20  Roach  
  63  7:23  Hydralisk  
  61  7:53  Zergling x6  
  61  7:55  Hydralisk x4  
  72  8:06  Overseer  
  72  8:07  Overseer  
  72  8:10  Pneumatized Carapace  
  72  8:17  Drone x2  
  72  8:18  Drone  
  75  8:20  Baneling Nest  
  75  8:26  Drone x2  
  76  8:29  Drone  
  77  8:40  Drone x2  
  79  8:51  Hydralisk  
  79  8:55  Muscular Augments  
  81  9:01  Glial Reconstitution  
  81  9:10  Overlord x2  
  76  9:31  Hydralisk x4  
  83  9:47  Hydralisk x2  
  83  9:51  Drone x3  
  90  10:10  Hydralisk  
  90  10:11  Hydralisk x2  
  93  10:29  Zerg Missile Weapons Level 2  
  93  10:38  Baneling  
  93  10:39  Baneling x2  
  93  10:41  Zergling x2  
  93  10:42  Zergling x6  
  97  10:44  Overlord x2  
  97  11:03  Evolution Chamber, Zergling x6  
  97  11:04  Zergling x2  
  100  11:05  Drone x3  
  103  11:12  Queen  
  105  11:19  Drone  
  106  11:27  Spire  
  105  11:33  Baneling  
  105  11:34  Baneling x6  
  105  12:05  Hydralisk x3  
  111  12:11  Hydralisk  
  111  12:12  Overlord  
  111  12:13  Overlord x3  
  113  12:33  Drone x4  
  117  12:38  Overlord  
  117  12:41  Zerg Flyer Weapons Level 1  
  117  12:46  Zergling x2  
  117  12:47  Zergling x10  
  122  13:16  Zergling x8  
  122  13:17  Zergling x2  
  127  13:20  Overlord x6  
  127  13:28  Hydralisk  
  116  14:02  Zergling x2, Overlord  
  105  14:03  Zergling x8  
  79  14:23  Extractor  
  76  14:36  Overseer  
  76  14:37  Overseer  
  75  14:45  Zergling x2  
  75  14:46  Zergling x4  
  75  14:48  Overlord x2  
  75  14:49  Zergling x10  
  75  14:50  Zergling x16  
  75  14:52  Hydralisk  
  90  14:53  Hydralisk x6  
  102  15:06  Roach x3  
  108  15:26  Roach x3  
  114  15:44  Extractor  
  114  15:45  Hydralisk x2  
  114  15:49  Hydralisk, Roach x3  
  127  15:50  Roach  
  127  15:52  Roach x2  
  131  15:58  Hatchery  
  130  16:27  Roach x5  
  138  16:40  Roach  
  138  16:46  Roach  
  138  16:47  Roach x5  
  152  16:51  Roach x4  
  73  17:17  Overseer x3  
  73  17:26  Corruptor x3  
  79  17:33  Ravager x3  
  82  17:37  Zergling x6  
  82  17:40  Hydralisk x3  
  82  17:44  Hydralisk x3  
  91  17:49  Infestation Pit  
  77  18:00  Zergling x6  
  77  18:01  Zergling x2  
  63  18:07  Overseer  
  50  18:14  Drone x3  
  49  18:23  Overseer  
  49  18:24  Overseer  
  45  18:37  Roach x3  
  45  18:38  Roach  
Tags
 
Matchup
PvZ
Opening
Pool First
Replay Pack
All Mines
Spawn Locations
Cross Positions
Add a new tag
Caveats
  • Supply blocks, unpowered buildings, or Contaminate may cause inaccurate times.
  • Supply counts are checked every 10 seconds.